 Dungeon Crawl Stone Soup version 0.27.1-15-g792fb953b9 (webtiles) character file.

Game seed: 6272725693007615675

1197 bearlyready the Insei (level 8, -8/76 HPs)
             Began as an Octopode Transmuter on Nov 20, 2021.
             Was an Initiate of Gozag.
             Mangled by a two-headed ogre (10 damage)
             ... on level 7 of the Dungeon.
             The game lasted 00:10:19 (7667 turns).

bearlyready the Insei (Octopode Transmuter)         Turns: 7667, Time: 00:10:19

Health: -8/76      AC: 24    Str:  9    XL:     8   Next: 44%
Magic:  20/20      EV:  2    Int: 17    God:    Gozag
Gold:   264        SH:  0    Dex: 13    Spells: 1/11 levels left

rFire    + . .     SeeInvis .     - Unarmed
rCold    . . .     Faith    .   (no shield)
rNeg     + + +     Spirit   .   (helmet currently unavailable)
rPois    +         Reflect  .   (no amulet)
rElec    .         Harm     .   c - ring of flight
rCorr    .         Rampage  .   i - ring of protection from fire
Will     .....     NoTele   +   j - ring of magical power
Stlth    +++.......             (no ring)
HPRegen  0.22/turn              (no ring)
MPRegen  0.17/turn              (no ring)
                                (no ring)
                                (no ring)

@: tree-form, weak-willed
A: stationary, stasis, torment immunity, boosted hp, almost no armour,
(amphibious), 8 rings, (camouflage 1), (gelatinous body 1), (nimble swimmer 1),
(tentacles)
a: Renounce Religion, Potion Petition, Call Merchant, Bribe Branch


You were on level 7 of the Dungeon.
You worshipped Gozag.
Gozag was aware of your devotion.
You were a tree.
You visited 2 branches of the dungeon, and saw 8 of its levels.

You collected 390 gold pieces.
You spent 39 gold pieces at shops.
You paid 87 gold pieces to Gozag.

Inventory:

Missiles
 n - 7 boomerangs
 s - 4 javelins
 t - 7 poisoned darts (quivered)
Armour
 r - a +0 buckler
Jewellery
 c - a ring of flight (left branch)
 f - an amulet of faith
 i - a ring of protection from fire (right branch)
 j - a ring of magical power (on tentacle)
Scrolls
 b - 8 scrolls of identify {unknown}
 e - 3 scrolls of immolation
 h - a scroll of enchant weapon
 o - a scroll of magic mapping {unknown}
 u - a scroll of fog {unknown}
Potions
 k - a potion of lignification
 m - a potion of invisibility {unknown}
 p - 3 potions of heal wounds {unknown}
 q - 2 potions of brilliance {unknown}


   Skills:
 + Level 2.7 Fighting
 - Level 3.0 Throwing
 + Level 2.7 Dodging
 + Level 5.0 Stealth
 + Level 5.8 Unarmed Combat
 - Level 2.0 Spellcasting
 + Level 5.4 Transmutations
 + Level 0.3 Ice Magic
 - Level 3.0 Poison Magic


You had one spell level left.
You knew the following spells:

 Your Spells              Type           Power      Damage    Failure   Level
a - Beastly Appendage     Tmut           40%        N/A       2%          1
b - Wereblood             Tmut           20%        N/A       3%          2
c - Spider Form           Tmut/Pois      8%         N/A       11%         3
d - Ice Form              Ice/Tmut       11%        N/A       52%         4

Your spell library contained the following spells:

 Spells                   Type           Power      Damage    Failure   Level
 Animate Skeleton         Necr           2%         N/A       19%         1
 Pain                     Necr           4%         1d4       19%         1
 Poisonous Vapours        Pois/Air       12%        N/A       16%         2
 Corpse Rot               Necr/Air       N/A        N/A       28%         2
 Stone Arrow              Conj/Erth      2%         3d7       50%         3
 Vampiric Draining        Necr           0%         2d6       50%         3
 Bolt of Magma            Conj/Fire/Erth 0%         4d4       99%         5
 Freezing Cloud           Conj/Ice/Air   1%         6-21      99%         5
 Shatter                  Erth           0%         3d5*      100%        9


Dungeon Overview and Level Annotations

Branches:
Dungeon (7/15)             Temple (1/1) D:5

Altars:
Ashenzari
Cheibriados
Elyvilon
Fedhas
Gozag
Hepliaklqana
Kikubaaqudgha
Makhleb
Nemelex Xobeh
Okawaru
Qazlal
Ru
Sif Muna
Trog
Uskayaw
Vehumet
Wu Jian
Xom
Yredelemnul
Zin
The Shining One

Shops:
D:1 ?   D:3 !


Innate Abilities, Weirdness & Mutations

You are a tree.
Your roots penetrate the ground, keeping you stationary.
You cannot be teleported.
You are immune to unholy pain and torment.
Your maximum health is greatly increased.
You cannot wear most types of armour.
((You are amphibious.))
You can wear up to eight rings at the same time.
((Your skin changes colour to match your surroundings (Stealth+).))
((Your rubbery body absorbs attacks. (AC +1, EV +1)))
((You are camouflaged near water. (Stealth+)))
((You have tentacles for arms and can constrict up to eight enemies at once.))


Message History

There is a stone staircase leading up here.
There is an open door here.
A bullfrog skeleton comes into view.
There is an open door here.
The bullfrog skeleton hits you but does no damage.
As you read the scroll labelled CEPALU NYSOGUI, it crumbles to dust.
Magic quickly surges around you.
It was a scroll of vulnerability.
The bullfrog skeleton misses you.
As you read the scroll labelled VOBIWN GORIUK, it crumbles to dust.
You feel strangely unstable.
It was a scroll of teleportation.
The bullfrog skeleton hits you.
It was a potion of lignification.
You turn into a tree.
Your roots penetrate the ground.
You feel strangely stable. The bullfrog skeleton hits you.
The two-headed ogre hits you but does no damage.
The two-headed ogre hits you with a +0 great mace.
The bullfrog skeleton hits you but does no damage.
You smack the two-headed ogre!
The two-headed ogre is heavily wounded.
The bullfrog skeleton hits you but does no damage.
The two-headed ogre hits you but does no damage.
The two-headed ogre hits you with a +0 great mace.
You hit the two-headed ogre.
The two-headed ogre is severely wounded.
The bullfrog skeleton hits you but does no damage.
You barely miss the two-headed ogre.
The two-headed ogre is severely wounded.
The two-headed ogre hits you with a +0 giant spiked club!!
* * * LOW HITPOINT WARNING * * *
The two-headed ogre hits you with a +0 great mace!
* * * LOW HITPOINT WARNING * * *
The bullfrog skeleton hits you.
* * * LOW HITPOINT WARNING * * *
You feel better.
The bullfrog skeleton hits you but does no damage.
The two-headed ogre hits you with a +0 giant spiked club!
* * * LOW HITPOINT WARNING * * *
The two-headed ogre hits you with a +0 great mace!
You die...
Your body crumbles into a pile of gold.

#........(####...##
+.........(.......#
#........(####...##
##.......## ##.##
##.....## #.#
##...## #.# ##Z##
#.# #O# #.# #♣# #.#
#Z# #.# ... #.#
..... .#...##
#.##.## # ... ###


You could see a two-headed ogre (weak-willed), a bullfrog skeleton (weak-willed)
and a centaur skeleton (weak-willed).

Vanquished Creatures
  Edmund (D:5)
  An ogre (D:6)
  A phantom (D:4)
  A centaur (D:5)
  3 bullfrogs
  A scorpion (D:4)
  2 centaur zombies (D:6)
  A bullfrog zombie (D:5)
  4 hounds
  An orc priest (D:5)
  2 jellies (D:5)
  An iguana (D:6)
  An orc wizard (D:3)
  2 killer bee zombies
  A hound skeleton (D:5)
  A gnoll (D:1)
  10 adders
  2 worms (D:4)
  A dart slug (D:2)
  13 orcs
  3 endoplasms (D:2)
  3 giant cockroaches
  6 hobgoblins
  2 jackals
  5 kobolds
  3 quokkas
  7 ball pythons
  2 bats (D:2)
  4 frilled lizards
  4 goblins
  4 rats
93 creatures vanquished.

Vanquished Creatures (others)
  4 toadstools (D:4)
  2 withered plants (D:6)
6 creatures vanquished.

Grand Total: 99 creatures vanquished

Notes
Turn   | Place    | Note
-------+----------+-------------------------------------------
     0 | D:1      | bearlyready the Octopode Transmuter began the quest for the
                  | Orb.
     0 | D:1      | Reached XP level 1. HP: 13/13 MP: 3/3
    89 | D:1      | Found Axapusm's Magic Scroll Boutique.
   199 | D:1      | Reached XP level 2. HP: 18/18 MP: 3/5
  1093 | D:2      | Reached XP level 3. HP: 23/23 MP: 6/6
  1096 | D:2      | Learned a level 2 spell: Wereblood
  1100 | D:2      | Learned a level 3 spell: Spider Form
  1330 | D:2      | Reached skill level 1 in Poison Magic
  1379 | D:2      | Reached XP level 4. HP: 24/28 MP: 7/7
  2375 | D:3      | Reached XP level 5. HP: 28/33 MP: 8/8
  2627 | D:3      | Found Ceudiep's Distillery.
  2633 | D:3      | Bought a potion of curing for 39 gold pieces
  2708 | D:4      | Noticed a phantom
  3025 | D:4      | Killed a phantom
  3663 | D:4      | Reached XP level 6. HP: 38/38 MP: 9/9
  3801 | D:4      | Reached skill level 1 in Stealth
  3842 | D:4      | Reached skill level 1 in Throwing
  4316 | D:5      | Entered Level 5 of the Dungeon
  4705 | D:5      | Reached skill level 5 in Unarmed Combat
  4831 | D:5      | Reached XP level 7. HP: 30/43 MP: 10/10
  5559 | D:5      | Found a staircase to the Ecumenical Temple.
  5682 | Temple   | Entered the Ecumenical Temple
  5804 | Temple   | Became a worshipper of Gozag Ym Sagoz the Greedy
  5971 | D:6      | Noticed a steam dragon
  6129 | D:6      | Noticed Edmund
  6154 | D:5      | Killed Edmund
  6155 | D:5      | Reached skill level 5 in Transmutations
  6286 | D:5      | Reached XP level 8. HP: 23/50 MP: 11/11
  7249 | D:7      | Noticed a two-headed ogre
  7259 | D:7      | Learned a level 4 spell: Ice Form
  7311 | D:7      | Reached skill level 5 in Stealth
  7666 | D:7      | HP: 3/76 [bullfrog skeleton (1)]
  7667 | D:7      | Mangled by a two-headed ogre

Illustrated notes

Levels and vault maps discovered:
D:1:      evilmike_arrival_rings, layout_basic, serial_shops, shop,
          chequers_serial_rivers_small_a
D:2:      layout_loops_cross
D:3:      layout_rooms, serial_shops, shop_coins, minmay_misc_feat_rugged
D:4:      layout_loops_ring, minmay_gold_behind_fungi, guppyfry_early_lair_pool
D:5:      layout_cave_pools, minmay_temple_entry_hall, serial_column_ruins,
          column_ruins_open_medium, column_ruins_grid_2,
          column_ruins_corridor_dead_end, column_ruins_open_small,
          column_ruins_open_tiny_water, column_ruins_open_small,
          column_ruins_grid_1
D:6:      layout_loops_ring, nicolae_dithmenos_shadow_blocks, serial_undead,
          serial_undead_d, serial_undead_e, serial_undead_c, serial_undead_b,
          minmay_misc_feat_columns, uniq_edmund
D:7:      layout_loops_corners, minmay_manual_moon
Temple:   kilobyte_greek_temple

Skill      XL: |  1  2  3  4  5  6  7  8 |
---------------+-------------------------+-----
Transmutations | 3 4 5 |  5.4
Poison Magic   | 1 2 3 |  3.0
Unarmed Combat | 4 5 |  5.8
Stealth        | 2 4 5 |  5.0
Throwing       | 1 2 3 |  3.0
Fighting       | 2 |  2.7
Dodging        | |  2.7
Spellcasting   | |  2.0
Ice Magic      | |  0.3

Action                   |  1- 3 |  4- 6 |  7- 9 || total
-------------------------+-------+-------+-------++-------
Melee: Unarmed           |    71 |   176 |   115 ||   362
       Constrict         |    16 |    16 |     6 ||    38
       Tentacles         |    10 |     8 |     3 ||    21
       Punch             |     2 |       |       ||     2
       Kick              |     1 |     3 |       ||     4
Throw: Boomerang         |       |     1 |       ||     1
       Dart              |       |       |     6 ||     6
 Cast: Beastly Appendage |     1 |     1 |       ||     2
       Spider Form       |     1 |    12 |    15 ||    28
       Wereblood         |       |     1 |     2 ||     3
  Use: Potion            |       |     1 |     2 ||     3
       Scroll            |       |       |     7 ||     7
 Stab: Sleeping          |     4 |     9 |     6 ||    19
Armor: Skin              |     4 |    13 |    20 ||    37
Dodge: Dodged            |    44 |   138 |   155 ||   337
